 Dungeon Crawl Stone Soup version 0.31.0-12-g77e489cdc1 (webtiles) character file.

Game seed: 15248390539442130389

51 lordive the Changeling (level 3, -4/26 HPs)
             Began as a Merfolk Shapeshifter on Feb 29, 2024.
             Slain by Ijyb
             ... wielding a +4 dagger of holy wrath
              (8 damage)
             ... on level 4 of the Dungeon.
             The game lasted 00:02:11 (1071 turns).

lordive the Changeling (Merfolk Shapeshifter)       Turns: 1071, Time: 00:02:11

Health: -4/26      AC:  5    Str: 14    XL:     3   Next: 81%
Magic:  3/3        EV: 12    Int: 11    God:
Gold:   42         SH:  0    Dex: 13    Spells: 2/2 levels left

rFire   + .          .
                       - Unarmed
rCold   . . .        (no shield)
rNeg    . . .        l - +2 leather armour {rF+}
rPois   .            (helmet currently unavailable)
rElec   .            (cloak currently unavailable)
rCorr   .            (gloves currently unavailable)
SInv    .            (boots currently unavailable)
Will    .....        (no amulet)
Stlth   +            (no ring)
HPRegen 0.24/turn    (no ring)
MPRegen 0.08/turn

%: no passive effects
@: beast-form
A: beast (slay +2), (nimble swimmer 2), mertail
a: Begin Untransformation


You were on level 4 of the Dungeon.
You were a hulking beast.
You visited 1 branch of the dungeon, and saw 3 of its levels.

You collected 42 gold pieces.

Inventory:

Armour
 l - a +2 leather armour of fire resistance (worn)
Talismans
 a - a blade talisman
 c - a beast talisman (active)
 d - a flux talisman
Scrolls
 e - a scroll of identify {unknown}
 f - a scroll of amnesia {unknown}
 g - a scroll of teleportation {unknown}
 h - a scroll of acquirement {unknown}
 i - 2 scrolls of noise {unknown}
Potions
 b - a potion of lignification
 j - a potion of degeneration {unknown}
 k - a potion of might {unknown}


   Skills:
 + Level 1.1 Fighting
 + Level 3.0 Dodging
 + Level 4.1 Unarmed Combat
 * Level 4.9 Shapeshifting


You had 2 spell levels left.
You didn't know any spells.
Your spell library contained the following spells:

 Spells                   Type           Power      Damage    Failure   Level
 Dazzling Flash           Conj/Hex       0%         N/A       80%         3
 Mephitic Cloud           Conj/Alch/Air  0%         N/A       80%         3
 Curse of Agony           Necr           0%         N/A       100%        5
 Silence                  Hex/Air        0%         N/A       100%        5


Dungeon Overview and Level Annotations

Branches:
Dungeon (2/15)

Altars:
The Shining One

Shops:
D:2 =

Annotations:
D:4 Ijyb


Innate Abilities, Weirdness & Mutations

You are a hulking beast.
Your limbs bulge with bestial killing power. (Slay +2)
((You are very nimble when in or above water. (Stealth+, EV+, Speed+++)))
Your lower body shifts to a powerful aquatic tail in water.


Message History

You miss the goblin. The goblin hits you with a +0 dagger.
You closely miss the goblin. The goblin hits you but does no damage.
You hit the goblin.
You kill the goblin!
Robin throws Ijyb at you!
You hit Ijyb but do no damage.
Ijyb hits you with a +4 dagger of holy wrath!
You are too injured to fight recklessly!
You are too injured to fight recklessly!
You are too injured to fight recklessly!
You are too injured to fight recklessly!
You are too injured to fight recklessly!
You hit Robin.
Robin is heavily wounded.
Ijyb closely misses you.
You punch Robin!
Robin is almost dead.
Robin hits you with a +2 dagger of electrocution.
* * * LOW HITPOINT WARNING * * *
Ijyb barely misses you.
You hit Robin.
You kill Robin!
Ijyb closely misses you.
Unknown command.
You closely miss the hobgoblin.
The hobgoblin no longer looks unusually strong.
The hobgoblin misses you.
You hit the hobgoblin.
The hobgoblin is moderately wounded.
Ijyb screams, "Me stronger than you!" Ijyb closely misses you.
The hobgoblin barely misses you.
You hit the hobgoblin.
You kill the hobgoblin!
Ijyb hits you with a +4 dagger of holy wrath.
* * * LOW HITPOINT WARNING * * *
You hit the hobgoblin.
The hobgoblin is lightly wounded.
Ijyb no longer looks unusually strong.
Ijyb hits you with a +4 dagger of holy wrath!
You die...

######## ......#
≈≈≈≈.# ### ..≈.#
...####.≈.#
≈≈≈...#.≈.#
≈_.≈≈.#.≈.# .
≈...≈.#.≈g## #.≈
#.≈.#h# #.≈.#
#.≈.#g###
#.≈...###.≈.#.#.##
#.≈≈≈≈....≈.#g...#
#.....≈≈≈≈≈.#...##
######......#....#
..#######....# ###
≈≈≈≈.?.........#...#
<........##...).....#


You could see Ijyb and 2 hobgoblins.

Vanquished Creatures
  Robin (D:4)
  An adder (D:4)
  2 ball pythons (D:1)
  4 endoplasms
  A giant cockroach (D:1)
  9 goblins
  2 hobgoblins
  2 kobolds (D:1)
  2 quokkas (D:1)
  2 bats (D:1)
  A frilled lizard (D:1)
  A rat (D:1)
28 creatures vanquished.

Notes
Turn   | Place    | Note
-------+----------+-------------------------------------------
     0 | D:1      | lordive the Merfolk Shapeshifter began the quest for the
                  | Orb.
     0 | D:1      | Reached XP level 1. HP: 15/15 MP: 1/1
   361 | D:1      | Found a faded altar of an unknown god.
   474 | D:1      | Reached XP level 2. HP: 16/21 MP: 2/2
  1006 | D:2      | Found Duludaott's Jewellery Boutique.
  1006 | D:2      | You fall into a shaft and drop 2 floors!
  1011 | D:4      | Found a glowing golden altar of the Shining One.
  1025 | D:4      | Reached XP level 3. HP: 25/26 MP: 3/3
  1037 | D:4      | Noticed Robin
  1058 | D:4      | Noticed Ijyb
  1067 | D:4      | Killed Robin
  1071 | D:4      | Slain by Ijyb

Illustrated notes

Levels and vault maps discovered:
D:1:      dpeg_arrival_renting, layout_loops_corners,
          shapermc_ecumenical_altar_pompeii
D:2:      layout_basic, serial_shops, shop
D:4:      layout_cave_pools, lemuel_zombie_altar_kikubaaqudgha,
          nicolae_overflow_squiral, uniq_robin, uniq_ijyb

Skill      XL: |  1  2  3 |
---------------+----------+-----
Dodging        | 3 |  3.0
Unarmed Combat | 4 |  4.1
Fighting       | |  1.1
Shapeshifting  | |  4.9

Action                     || total
---------------------------++-------
  Melee: Unarmed           ||    69
         Punch             ||     3
Ability: Begin Untransform ||     1
   Stab: Sleeping          ||     1
 Armour: Animal skin       ||    12
         Leather armour    ||    27
  Dodge: Dodged            ||    51
   Form: Beast             ||     1
